[Event "11th LCC FIDE Open 2019"]
[Site "London"]
[Date "2019.12.05"]
[Round "9.1"]
[White "Praggnanandhaa R"]
[Black "Grover, Sahaj"]
[Result "1/2-1/2"]
[ECO "A04"]
[WhiteElo "2586"]
[BlackElo "2508"]
[Annotator "ChessBase"]
[PlyCount "36"]
[EventDate "2019.11.29"]
[EventType "swiss"]
[EventCountry "ENG"]
[SourceTitle "playchess.com"]
[Source "ChessBase"]
[SourceQuality "1"]
[TimeControl "40/5400+30:1800+30"]

1. Nf3 c5 2. g3 Nc6 3. Bg2 g6 4. c3 e5 5. e4 Bg7 6. O-O Nge7 7. d3 O-O 8. a3 h6 9. b4 d6 10. Nbd2 Be6 11. Re1 b5 12. bxc5 dxc5 13. Qc2 Qd6 14. a4 b4 15. Nc4 Bxc4 16. dxc4 Qe6 17. Be3 Qxc4 18. Rec1 Rfc8 1/2-1/2

[Event "11th LCC FIDE Open 2019"]
[Site "London"]
[Date "2019.12.05"]
[Round "9.2"]
[White "Petrov, Martin"]
[Black "Smirnov, Anton"]
[Result "1/2-1/2"]
[ECO "C07"]
[WhiteElo "2497"]
[BlackElo "2573"]
[Annotator "ChessBase"]
[PlyCount "39"]
[EventDate "2019.11.29"]
[EventType "swiss"]
[EventCountry "ENG"]
[SourceTitle "playchess.com"]
[Source "ChessBase"]
[SourceQuality "1"]
[TimeControl "40/5400+30:1800+30"]

1. e4 e6 2. d4 d5 3. Nd2 c5 4. exd5 Qxd5 5. Ngf3 cxd4 6. Bc4 Qd7 7. O-O Nc6 8. Nb3 Nf6 9. Qe2 a6 10. a4 Bd6 11. Rd1 e5 12. Nbxd4 Nxd4 13. Rxd4 Qe7 14. Rxd6 Qxd6 15. b3 Be6 16. Ba3 Bxc4 17. Qxc4 Qc6 18. Nxe5 Qxc4 19. Nxc4 b5 20. Re1+ 1/2-1/2

[Event "11th LCC FIDE Open 2019"]
[Site "London"]
[Date "2019.12.05"]
[Round "9.6"]
[White "Percivaldi, Martin"]
[Black "Song, Raymond"]
[Result "1-0"]
[ECO "E92"]
[WhiteElo "2384"]
[BlackElo "2468"]
[Annotator "ChessBase"]
[PlyCount "67"]
[EventDate "2019.11.29"]
[EventType "swiss"]
[EventCountry "ENG"]
[SourceTitle "playchess.com"]
[Source "ChessBase"]
[SourceQuality "1"]
[TimeControl "40/5400+30:1800+30"]

1. c4 g6 2. Nf3 Bg7 3. e4 d6 4. d4 Nf6 5. Nc3 O-O 6. Be2 e5 7. d5 a5 8. Bg5 h6 9. Be3 Ng4 10. Bd2 f5 11. h3 Nf6 12. exf5 gxf5 13. Qc1 f4 14. g3 e4 15. Nh4 e3 16. fxe3 fxg3 17. Ng6 g2 18. Rg1 Bxh3 19. Qc2 Na6 20. Nf4 Qd7 21. Nxh3 Qxh3 22. O-O-O Kf7 23. Ne4 Nb4 24. Bxb4 axb4 25. Nxf6 Bxf6 26. Qh7+ Bg7 27. Bd3 Qg4 28. Rd2 b3 29. a3 Ke8 30. Rdxg2 Qf3 31. Rxg7 Qxe3+ 32. Kb1 Ra4 33. Rg8 Rxg8 34. Rxg8# 1-0

[Event "11th LCC FIDE Open 2019"]
[Site "London"]
[Date "2019.12.05"]
[Round "9.7"]
[White "Vaishali R"]
[Black "Cherniaev, Alexander"]
[Result "1/2-1/2"]
[ECO "A45"]
[WhiteElo "2376"]
[BlackElo "2428"]
[Annotator "RC"]
[PlyCount "101"]
[EventDate "2019.11.29"]
[EventType "swiss"]
[EventCountry "ENG"]
[SourceTitle "playchess.com"]
[Source "ChessBase"]
[SourceQuality "1"]
[TimeControl "40/5400+30:1800+30"]

1. d4 Nf6 2. Bg5 Ne4 3. h4 c5 4. d5 Qb6 5. Nd2 h6 6. Bf4 Qxb2 7. Nxe4 Qb4+ 8. Qd2 Qxe4 9. f3 Qd4 10. Qxd4 cxd4 11. Rd1 d6 12. Rxd4 g6 13. e4 Bg7 14. Rd1 h5 15. Bd3 Nd7 16. Ne2 Nc5 17. Be3 Na4 18. Rb1 b6 19. Bb5+ Bd7 20. Bxa4 Bxa4 21. c4 O-O 22. Kd2 Rfc8 23. Rhc1 Bd7 24. Bd4 Rc7 25. Rc3 Rac8 26. Rbc1 e5 27. Be3 Kh7 28. Kd3 Bh6 29. Bxh6 Kxh6 30. Ke3 f5 31. exf5 gxf5 32. f4 Rc5 33. R1c2 Ra5 34. g3 Kg6 35. Nc1 Kf6 36. Nd3 Rg8 37. Kf2 Ba4 38. Rb2 Rc8 39. Nb4 Rac5 40. Ra3 Ra5 41. Rc3 Rac5 42. Ra3 Rxc4 43. Rxa4 a5 44. fxe5+ dxe5 45. d6 Ke6 46. Nd5 Rxa4 47. Nxb6 Rcc4 48. d7 Ke7 49. Nxc4 Rxc4 50. Rb5 Re4 51. Rd5 1/2-1/2

[Event "11th LCC FIDE Open 2019"]
[Site "London"]
[Date "2019.12.05"]
[Round "9.10"]
[White "Flear, Glenn C"]
[Black "Bates, Richard A"]
[Result "1/2-1/2"]
[ECO "E12"]
[WhiteElo "2463"]
[BlackElo "2342"]
[Annotator "ChessBase"]
[PlyCount "58"]
[EventDate "2019.11.29"]
[EventType "swiss"]
[EventCountry "ENG"]
[SourceTitle "playchess.com"]
[Source "ChessBase"]
[SourceQuality "1"]
[TimeControl "40/5400+30:1800+30"]

1. d4 Nf6 2. c4 e6 3. Nf3 b6 4. Bf4 Bb7 5. e3 g6 6. Nc3 Bg7 7. Bd3 O-O 8. O-O d6 9. e4 Nbd7 10. Re1 h6 11. h3 e5 12. dxe5 Nh5 13. Be3 dxe5 14. b4 Nf4 15. Bf1 a5 16. a3 Ne6 17. Qd2 axb4 18. axb4 Rxa1 19. Rxa1 Kh7 20. Rd1 Nb8 21. Qxd8 Rxd8 22. Rxd8 Nxd8 23. Nd5 Ne6 24. b5 Nd7 25. g3 Bf8 26. h4 Bc5 27. Bxc5 Nexc5 28. Bh3 Bxd5 29. exd5 Kg7 1/2-1/2

[Event "11th LCC FIDE Open 2019"]
[Site "London"]
[Date "2019.12.05"]
[Round "9.11"]
[White "Zujev, Oleg"]
[Black "Hebden, Mark L"]
[Result "0-1"]
[ECO "E73"]
[WhiteElo "2316"]
[BlackElo "2436"]
[Annotator "RC"]
[PlyCount "73"]
[EventDate "2019.11.29"]
[EventType "swiss"]
[EventCountry "ENG"]
[SourceTitle "playchess.com"]
[Source "ChessBase"]
[SourceQuality "1"]
[TimeControl "40/5400+30:1800+30"]

1. d4 Nf6 2. c4 g6 3. Nc3 Bg7 4. e4 d6 5. Be2 O-O 6. Bg5 c6 7. Qd2 a6 8. Rd1 b5 9. a3 bxc4 10. Bxc4 Nbd7 11. Nge2 d5 12. Bd3 dxe4 13. Nxe4 a5 14. O-O Qb6 15. N4c3 Ba6 16. Na4 Qb7 17. Nec3 Bxd3 18. Qxd3 Rfe8 19. Rfe1 Rac8 20. d5 cxd5 21. Nxd5 e6 22. Ndc3 h6 23. Be3 Rc6 24. Bd4 Rb8 25. Qf3 Rc4 26. Qxb7 Rxb7 27. h3 Nd5 28. Bxg7 Kxg7 29. Nxd5 exd5 30. Nc3 Rxb2 31. Nxd5 Nc5 32. Re3 a4 33. Rde1 Rcc2 34. Rf3 Ne6 35. Rd1 Ra2 36. Nb4 Rd2 37. Re1 0-1

[Event "11th LCC FIDE Open 2019"]
[Site "London"]
[Date "2019.12.05"]
[Round "9.13"]
[White "Pert, Richard G"]
[Black "Villiers, Thomas"]
[Result "1-0"]
[ECO "A45"]
[WhiteElo "2436"]
[BlackElo "2145"]
[Annotator "NA"]
[PlyCount "47"]
[EventDate "2019.11.29"]
[EventType "swiss"]
[EventCountry "ENG"]
[SourceTitle "playchess.com"]
[Source "ChessBase"]
[SourceQuality "1"]
[TimeControl "40/5400+30:1800+30"]

1. d4 Nf6 2. Bg5 e6 3. e4 h6 4. Bxf6 Qxf6 5. c3 d6 6. Bd3 g6 7. Ne2 Bg7 8. O-O e5 9. f4 Qe7 10. f5 gxf5 11. exf5 e4 12. Bc2 d5 13. c4 c5 14. Nbc3 Nd7 15. Nxd5 Qd6 16. Kh1 O-O 17. Ng3 Bxd4 18. Nxe4 Qe5 19. Qh5 a5 20. Qxh6 Ra6 21. f6 Rxf6 22. Nexf6+ Nxf6 23. Nxf6+ Qxf6 24. Qh7# 1-0

[Event "11th LCC FIDE Open 2019"]
[Site "London"]
[Date "2019.12.05"]
[Round "9.14"]
[White "Dong, Bao Nghia"]
[Black "Clarke, Brandon Gi"]
[Result "0-1"]
[ECO "A48"]
[WhiteElo "2217"]
[BlackElo "2431"]
[Annotator "NA"]
[PlyCount "98"]
[EventDate "2019.11.29"]
[EventType "swiss"]
[EventCountry "ENG"]
[SourceTitle "playchess.com"]
[Source "ChessBase"]
[SourceQuality "1"]
[TimeControl "40/5400+30:1800+30"]

1. d4 Nf6 2. Nf3 g6 3. h3 Bg7 4. Bf4 O-O 5. e3 c5 6. c3 d6 7. Nbd2 Nc6 8. Bc4 cxd4 9. exd4 e5 10. dxe5 dxe5 11. Be3 e4 12. Nd4 Ne5 13. Qb3 Nxc4 14. Nxc4 Nd5 15. Rd1 Nxe3 16. Nxe3 Qg5 17. h4 Qc5 18. h5 Rd8 19. hxg6 hxg6 20. Qc4 Qxc4 21. Nxc4 Bg4 22. f3 exf3 23. gxf3 Rxd4 24. Rxd4 Bxf3 25. Rf1 Bxd4 26. Rxf3 Bc5 27. b4 Bf8 28. Kd2 Rd8+ 29. Kc2 f5 30. Rg3 Kg7 31. Ne5 Rd6 32. c4 Re6 33. Nd3 Re4 34. c5 Kf6 35. Kb3 g5 36. b5 g4 37. a4 Kg5 38. Rg1 Rd4 39. Kc3 Rxa4 40. Re1 Re4 41. Rxe4 fxe4 42. c6 bxc6 43. bxc6 Bd6 44. Nc5 Kf5 45. Nb3 g3 46. Nd4+ Ke5 47. Kc4 g2 48. Ne2 Bc7 49. Kc5 Bb6+ {[%emt 0:00:10] Kd4+} 0-1

[Event "11th LCC FIDE Open 2019"]
[Site "London"]
[Date "2019.12.05"]
[Round "9.15"]
[White "McDonald, Neil"]
[Black "Papadiamandis, Elliot"]
[Result "1-0"]
[ECO "B99"]
[WhiteElo "2412"]
[BlackElo "2220"]
[Annotator "NA"]
[PlyCount "73"]
[EventDate "2019.11.29"]
[EventType "swiss"]
[EventCountry "ENG"]
[SourceTitle "playchess.com"]
[Source "ChessBase"]
[SourceQuality "1"]
[TimeControl "40/5400+30:1800+30"]

1. e4 c5 2. Nf3 d6 3. d4 cxd4 4. Nxd4 Nf6 5. Nc3 a6 6. Bg5 e6 7. f4 Be7 8. Qf3 Nbd7 9. O-O-O Qc7 10. g4 b5 11. Bxf6 Nxf6 12. g5 Nd7 13. h4 O-O 14. a3 Bb7 15. h5 Nc5 16. b4 Nd7 17. Rh3 Nb6 18. Rg3 Rac8 19. Rd3 Rfe8 20. Bh3 Nc4 21. Qf2 Qd8 22. h6 g6 23. Nxe6 fxe6 24. Bxe6+ Kf8 25. Bxc8 Qxc8 26. Qd4 Rd8 27. Qh8+ Kf7 28. Qxh7+ Ke8 29. Qxg6+ Kd7 30. Qf5+ Ke8 31. h7 Qxf5 32. exf5 Kf7 33. f6 Kg6 34. fxe7 Rh8 35. Nd5 Bxd5 36. Rxd5 Kf7 37. g6+ 1-0

[Event "11th LCC FIDE Open 2019"]
[Site "London"]
[Date "2019.12.05"]
[Round "9.18"]
[White "Wu, Li"]
[Black "Ogunshola, Olugbemiga (Ben)"]
[Result "1-0"]
[ECO "A68"]
[WhiteElo "2293"]
[BlackElo "2169"]
[Annotator "NA"]
[PlyCount "59"]
[EventDate "2019.11.29"]
[EventType "swiss"]
[EventCountry "ENG"]
[SourceTitle "playchess.com"]
[Source "ChessBase"]
[SourceQuality "1"]
[TimeControl "40/5400+30:1800+30"]

1. d4 Nf6 2. c4 g6 3. Nc3 Bg7 4. e4 d6 5. f4 O-O 6. Nf3 c5 7. d5 e6 8. Be2 exd5 9. cxd5 Bg4 10. O-O a6 11. e5 dxe5 12. fxe5 Nfd7 13. e6 fxe6 14. dxe6 Nb6 15. Qb3 c4 16. Bxc4 Nxc4 17. Qxc4 Qb6+ 18. Kh1 Qxe6 19. Nd5 Nc6 20. Re1 Qf7 21. Ng5 b5 22. Nxf7 bxc4 23. Nh6+ Bxh6 24. Bxh6 Rf7 25. Rac1 Rd8 26. h3 Bf5 27. Rxc4 Nb8 28. Rd4 Bd7 29. Nb6 Re8 30. Rxe8+ 1-0

[Event "11th LCC FIDE Open 2019"]
[Site "London"]
[Date "2019.12.05"]
[Round "9.19"]
[White "Cumming, Rhys"]
[Black "Dias, Savin"]
[Result "1-0"]
[ECO "E32"]
[WhiteElo "2284"]
[BlackElo "1916"]
[Annotator "NA"]
[PlyCount "53"]
[EventDate "2019.11.29"]
[EventType "swiss"]
[EventCountry "ENG"]
[SourceTitle "playchess.com"]
[Source "ChessBase"]
[SourceQuality "1"]
[TimeControl "40/5400+30:1800+30"]

1. d4 Nf6 2. c4 e6 3. Nc3 Bb4 4. Qc2 O-O 5. Nf3 b6 6. e4 d5 7. e5 Ne4 8. Bd3 Bb7 9. O-O Bxc3 10. bxc3 h6 11. cxd5 exd5 12. Nd2 Nxd2 13. Bxd2 Ba6 14. Bh7+ Kh8 15. Rfe1 c5 16. e6 Qf6 17. exf7 Qxf7 18. Be3 c4 19. Bc1 Nc6 20. Bg6 Qd7 21. Ba3 Rf6 22. h4 Qg4 23. h5 Re6 24. Rxe6 Qxe6 25. Qd2 Rd8 26. Re1 Qf6 27. Qe3 1-0

[Event "11th LCC FIDE Open 2019"]
[Site "London"]
[Date "2019.12.05"]
[Round "9.20"]
[White "Akots, Gabor"]
[Black "Balaji, Aaravamudhan"]
[Result "1/2-1/2"]
[ECO "A65"]
[WhiteElo "2221"]
[BlackElo "2080"]
[Annotator "NA"]
[PlyCount "66"]
[EventDate "2019.11.29"]
[EventType "swiss"]
[EventCountry "ENG"]
[SourceTitle "playchess.com"]
[Source "ChessBase"]
[SourceQuality "1"]
[TimeControl "40/5400+30:1800+30"]

1. d4 Nf6 2. c4 g6 3. Nc3 Bg7 4. e4 d6 5. f3 O-O 6. Be3 c5 7. d5 e6 8. Qd2 exd5 9. cxd5 a6 10. a4 Nbd7 11. Nh3 Ne5 12. Nf2 Bd7 13. Be2 b5 14. O-O Rb8 15. axb5 axb5 16. Rab1 b4 17. Ncd1 Qa5 18. b3 Bb5 19. Nb2 Bxe2 20. Qxe2 Qa2 21. Qc2 Ra8 22. Rfc1 Ra3 23. Nbd3 Qxc2 24. Rxc2 Nxd3 25. Nxd3 Rfa8 26. Bc1 Ra1 27. Rxa1 Rxa1 28. Kf2 Rb1 29. Bb2 Nd7 30. Bxg7 Kxg7 31. Rb2 Rd1 32. Ke2 Rh1 33. h3 Ra1 1/2-1/2

[Event "11th LCC FIDE Open 2019"]
[Site "London"]
[Date "2019.12.05"]
[Round "9.21"]
[White "Bucher, Grant W"]
[Black "Taylor, Adam C"]
[Result "0-1"]
[ECO "C36"]
[WhiteElo "2121"]
[BlackElo "2371"]
[Annotator "NA"]
[PlyCount "46"]
[EventDate "2019.11.29"]
[EventType "swiss"]
[EventCountry "ENG"]
[SourceTitle "playchess.com"]
[Source "ChessBase"]
[SourceQuality "1"]
[TimeControl "40/5400+30:1800+30"]

1. e4 e5 2. f4 d5 3. exd5 exf4 4. Nf3 Nf6 5. Bc4 Qe7+ 6. Qe2 Qxe2+ 7. Kxe2 Bd6 8. Re1 O-O 9. Kf1 Nbd7 10. Nc3 a6 11. a4 Nb6 12. Bb3 Bg4 13. Ne5 Rae8 14. d4 g5 15. h4 h6 16. hxg5 hxg5 17. g3 Bh3+ 18. Kg1 Ng4 19. gxf4 f6 20. Ne4 fxe5 21. dxe5 gxf4 22. exd6 f3 23. Bg5 Rxe4 0-1

[Event "11th LCC FIDE Open 2019"]
[Site "London"]
[Date "2019.12.05"]
[Round "9.23"]
[White "Bates, Caspar J"]
[Black "Van Zyl-Rudd, Jack"]
[Result "0-1"]
[ECO "E14"]
[WhiteElo "2120"]
[BlackElo "2290"]
[Annotator "NA"]
[PlyCount "52"]
[EventDate "2019.11.29"]
[EventType "swiss"]
[EventCountry "ENG"]
[SourceTitle "playchess.com"]
[Source "ChessBase"]
[SourceQuality "1"]
[TimeControl "40/5400+30:1800+30"]

1. d4 Nf6 2. c4 e6 3. Nf3 d5 4. e3 b6 5. cxd5 exd5 6. Bb5+ c6 7. Bd3 Bd6 8. Nc3 O-O 9. Bd2 Re8 10. Rc1 Ne4 11. a3 Bg4 12. Be2 Qf6 13. h3 Qh6 14. Nxe4 dxe4 15. Ng1 Bd7 16. b4 Qg6 17. Bf1 a5 18. Ne2 axb4 19. axb4 Na6 20. Nf4 Bxf4 21. exf4 e3 22. Bxe3 Nxb4 23. Qd2 Nd5 24. Kd1 Ra3 25. Bc4 Raxe3 26. Bxd5 Rd3 0-1

[Event "11th LCC FIDE Open 2019"]
[Site "London"]
[Date "2019.12.05"]
[Round "9.25"]
[White "Stoyanov, Viktor"]
[Black "Abrahams, Daniel"]
[Result "1/2-1/2"]
[ECO "B43"]
[WhiteElo "2272"]
[BlackElo "2185"]
[Annotator "NA"]
[PlyCount "76"]
[EventDate "2019.11.29"]
[EventType "swiss"]
[EventCountry "ENG"]
[SourceTitle "playchess.com"]
[Source "ChessBase"]
[SourceQuality "1"]
[TimeControl "40/5400+30:1800+30"]

1. e4 c5 2. Nf3 e6 3. d4 cxd4 4. Nxd4 a6 5. Nc3 Qc7 6. Bd3 Nf6 7. O-O d6 8. Kh1 Nbd7 9. Be3 b5 10. a3 Bb7 11. Qe2 Nc5 12. Bd2 Be7 13. b4 Nxd3 14. cxd3 O-O 15. Rac1 Qd7 16. f4 Rfc8 17. Nb3 Rc7 18. e5 dxe5 19. fxe5 Ne8 20. Ne4 Bxe4 21. Qxe4 Rac8 22. Rxc7 Rxc7 23. h3 Rc2 24. Be1 Nc7 25. Qf3 Bf8 26. Rf2 Rxf2 27. Bxf2 Nd5 28. Bc5 Qc7 29. Bxf8 Kxf8 30. Nc5 Kg8 31. d4 h6 32. Kh2 a5 33. bxa5 Qxa5 34. Nb7 Qe1 35. Nd6 Ne3 36. Qxf7+ Kh7 37. Ne8 Nf1+ 38. Kg1 Ne3+ 1/2-1/2

[Event "11th LCC FIDE Open 2019"]
[Site "London"]
[Date "2019.12.05"]
[Round "9.26"]
[White "Orgler, Philipp"]
[Black "Czerw, Dawid"]
[Result "0-1"]
[ECO "D00"]
[WhiteElo "2047"]
[BlackElo "2255"]
[Annotator "NA"]
[PlyCount "50"]
[EventDate "2019.11.29"]
[EventType "swiss"]
[EventCountry "ENG"]
[SourceTitle "playchess.com"]
[Source "ChessBase"]
[SourceQuality "1"]
[TimeControl "40/5400+30:1800+30"]

1. d4 Nf6 2. Nc3 d5 3. Bf4 a6 4. e3 Bf5 5. f3 e6 6. g4 Bg6 7. h4 h5 8. g5 Nfd7 9. Bd3 Bxd3 10. Qxd3 c5 11. Nge2 Nc6 12. e4 Nb4 13. Qd2 cxd4 14. Nd1 dxe4 15. fxe4 Nc6 16. g6 fxg6 17. c3 dxc3 18. Ndxc3 Nde5 19. O-O-O Qxd2+ 20. Rxd2 Be7 21. Bg3 g5 22. Nd4 Nxd4 23. Bxe5 Nf3 24. Bxg7 Rh7 25. Rf2 g4 0-1

[Event "11th LCC FIDE Open 2019"]
[Site "London"]
[Date "2019.12.05"]
[Round "9.28"]
[White "Blackburn, Jonathan L B"]
[Black "Makkar, Rajat"]
[Result "1-0"]
[ECO "D31"]
[WhiteElo "2240"]
[BlackElo "2125"]
[Annotator "NA"]
[PlyCount "81"]
[EventDate "2019.11.29"]
[EventType "swiss"]
[EventCountry "ENG"]
[SourceTitle "playchess.com"]
[Source "ChessBase"]
[SourceQuality "1"]
[TimeControl "40/5400+30:1800+30"]

1. d4 d5 2. c4 c6 3. Nc3 Nf6 4. e3 e6 5. Bd2 Nbd7 6. cxd5 exd5 7. Bd3 Bd6 8. g4 Qe7 9. Qf3 h6 10. h3 Nf8 11. Nge2 Ne6 12. Qg2 Ng5 13. f4 Nge4 14. Bxe4 Nxe4 15. Nxe4 dxe4 16. Ng3 O-O 17. Nxe4 Bxf4 18. exf4 Re8 19. Kf2 Qxe4 20. Qxe4 Rxe4 21. Rhe1 Rxd4 22. Re8+ Kh7 23. Bc3 Rd7 24. a4 a5 25. g5 hxg5 26. Rg1 Rd5 27. fxg5 b6 28. Rf8 Rd7 29. Rg4 Rd5 30. Rh4+ Kg6 31. Rhh8 Rf5+ 32. Ke3 Ra7 33. Rxc8 Re7+ 34. Kd3 Rd7+ 35. Kc2 Rc5 36. h4 Rd4 37. Kb3 Rdc4 38. Rcg8 b5 39. Rxg7+ Kf5 40. Rxf7+ Kg4 41. g6 1-0

[Event "11th LCC FIDE Open 2019"]
[Site "London"]
[Date "2019.12.05"]
[Round "9.29"]
[White "Lee, Qing Aun"]
[Black "Pollack, Oscar"]
[Result "1-0"]
[ECO "C06"]
[WhiteElo "2228"]
[BlackElo "2112"]
[Annotator "NA"]
[PlyCount "75"]
[EventDate "2019.11.29"]
[EventType "swiss"]
[EventCountry "ENG"]
[SourceTitle "playchess.com"]
[Source "ChessBase"]
[SourceQuality "1"]
[TimeControl "40/5400+30:1800+30"]

1. e4 e6 2. d4 d5 3. Nd2 Nf6 4. e5 Nfd7 5. Bd3 c5 6. c3 Nc6 7. Ne2 cxd4 8. cxd4 f6 9. exf6 Nxf6 10. O-O Bd6 11. Nf3 Qc7 12. Bd2 O-O 13. Rc1 Bd7 14. Ng3 Qb6 15. Bc3 Nb4 16. Bb1 Bb5 17. Re1 Rae8 18. Ne5 Nc6 19. f4 Bxe5 20. fxe5 Ne4 21. Nxe4 dxe4 22. Bxe4 Nxe5 23. a4 Ba6 24. a5 Qd8 25. dxe5 Qh4 26. Qd2 Rf7 27. Bb4 g5 28. Qe3 g4 29. Bd6 Qd8 30. Bd3 Bxd3 31. Qxd3 Qxa5 32. Qd4 Rg7 33. Rf1 g3 34. h3 a6 35. Rf4 Kh8 36. Rcf1 Reg8 37. Rf8 Qd8 38. Rxd8 1-0

[Event "11th LCC FIDE Open 2019"]
[Site "London"]
[Date "2019.12.05"]
[Round "9.32"]
[White "Hill, Alistair"]
[Black "Ciocan, Maria-Alexandra"]
[Result "1-0"]
[ECO "B27"]
[WhiteElo "2193"]
[BlackElo "2058"]
[Annotator "NA"]
[PlyCount "33"]
[EventDate "2019.11.29"]
[EventType "swiss"]
[EventCountry "ENG"]
[SourceTitle "playchess.com"]
[Source "ChessBase"]
[SourceQuality "1"]
[TimeControl "40/5400+30:1800+30"]

1. e4 c5 2. Nf3 g6 3. c3 d5 4. exd5 Qxd5 5. d4 cxd4 6. cxd4 Bg7 7. Nc3 Qa5 8. Qb3 Nf6 9. Bb5+ Bd7 10. Ne5 O-O 11. Bc4 Be8 12. Qxb7 Nbd7 13. Nc6 Qb6 14. Qxa8 e5 15. O-O exd4 16. Ne7+ Kh8 17. Ncd5 1-0

[Event "11th LCC FIDE Open 2019"]
[Site "London"]
[Date "2019.12.05"]
[Round "9.33"]
[White "Russell, Christopher"]
[Black "Ifalore, Michael"]
[Result "1-0"]
[ECO "C55"]
[WhiteElo "2190"]
[BlackElo "1989"]
[Annotator "NA"]
[PlyCount "61"]
[EventDate "2019.11.29"]
[EventType "swiss"]
[EventCountry "ENG"]
[SourceTitle "playchess.com"]
[Source "ChessBase"]
[SourceQuality "1"]
[TimeControl "40/5400+30:1800+30"]

1. e4 e5 2. Nf3 Nc6 3. Bc4 Nf6 4. d3 Be7 5. O-O O-O 6. Re1 d6 7. a4 Na5 8. Ba2 c5 9. c3 Nc6 10. Na3 Be6 11. Bxe6 fxe6 12. Nc4 b6 13. Bd2 Nd7 14. Rc1 Qe8 15. b4 cxb4 16. cxb4 Nd4 17. Nxd4 exd4 18. Qg4 Qf7 19. Rf1 a6 20. f4 Rad8 21. Rf3 Rc8 22. Rcf1 b5 23. axb5 axb5 24. Na3 Rb8 25. Qh3 Rb7 26. Nc2 e5 27. fxe5 Qa2 28. Nxd4 Qxd2 29. Qe6+ Kh8 30. Qxe7 Rg8 31. Qxd6 1-0

[Event "11th LCC FIDE Open 2019"]
[Site "London"]
[Date "2019.12.05"]
[Round "9.37"]
[White "Stanisz, Patryk"]
[Black "Pellicoro, Nathalie"]
[Result "1-0"]
[ECO "A44"]
[WhiteElo "2139"]
[BlackElo "1967"]
[Annotator "NA"]
[PlyCount "51"]
[EventDate "2019.11.29"]
[EventType "swiss"]
[EventCountry "ENG"]
[SourceTitle "playchess.com"]
[Source "ChessBase"]
[SourceQuality "1"]
[TimeControl "40/5400+30:1800+30"]

1. d4 Nf6 2. Nc3 c5 3. d5 e5 4. e4 d6 5. Be2 g6 6. g4 h5 7. g5 Nfd7 8. a4 Na6 9. Nb5 Nc7 10. Nf3 Nxb5 11. axb5 Nb6 12. Be3 h4 13. Nd2 Be7 14. Rg1 Bd7 15. f4 Qc7 16. Rf1 f6 17. fxe5 fxe5 18. Ra3 Qd8 19. Rg1 Qc7 20. Qa1 Qb8 21. Bf2 Kd8 22. Nf3 h3 23. b4 Kc7 24. bxc5 dxc5 25. Nxe5 Be8 26. Nd3 1-0

[Event "11th LCC FIDE Open 2019"]
[Site "London"]
[Date "2019.12.05"]
[Round "9.38"]
[White "Varsha Ramesh"]
[Black "Goh, Zi Han"]
[Result "1/2-1/2"]
[ECO "B99"]
[WhiteElo "1669"]
[BlackElo "2134"]
[Annotator "NA"]
[PlyCount "40"]
[EventDate "2019.11.29"]
[EventType "swiss"]
[EventCountry "ENG"]
[SourceTitle "playchess.com"]
[Source "ChessBase"]
[SourceQuality "1"]
[TimeControl "40/5400+30:1800+30"]

1. e4 c5 2. Nf3 d6 3. d4 cxd4 4. Nxd4 Nf6 5. Nc3 a6 6. Bg5 e6 7. f4 Qc7 8. Qf3 b5 9. a3 Nbd7 10. O-O-O Be7 11. g4 Rb8 12. Bxf6 Nxf6 13. g5 Nd7 14. Rg1 b4 15. axb4 Rxb4 16. Be2 Qb6 17. Nb3 a5 18. Na2 Ra4 19. Nc3 Rb4 20. Na2 Ra4 1/2-1/2

[Event "11th LCC FIDE Open 2019"]
[Site "London"]
[Date "2019.12.05"]
[Round "9.41"]
[White "Sarpotdar, Amogh"]
[Black "Marusenko, Petr"]
[Result "0-1"]
[ECO "B14"]
[WhiteElo "2015"]
[BlackElo "2085"]
[Annotator "NA"]
[PlyCount "118"]
[EventDate "2019.11.29"]
[EventType "swiss"]
[EventCountry "ENG"]
[SourceTitle "playchess.com"]
[Source "ChessBase"]
[SourceQuality "1"]
[TimeControl "40/5400+30:1800+30"]

1. e4 c6 2. d4 d5 3. exd5 cxd5 4. c4 Nf6 5. Nc3 Nc6 6. Bg5 e6 7. Nf3 Be7 8. c5 Ne4 9. Bxe7 Qxe7 10. Bb5 Bd7 11. Qe2 Nxc3 12. bxc3 O-O 13. O-O b6 14. cxb6 axb6 15. a4 Rfc8 16. Rfe1 Na5 17. Bxd7 Qxd7 18. Ne5 Qe8 19. Rab1 Nc4 20. Nxc4 Rxc4 21. Rxb6 Qxa4 22. Reb1 Qe8 23. Qf3 Rac8 24. R1b3 Rxd4 25. g3 Rdc4 26. h4 R4c7 27. h5 h6 28. Qe3 Qd8 29. Rb7 Rxb7 30. Rxb7 Qg5 31. Qf3 Qf6 32. Qxf6 gxf6 33. Rb3 f5 34. f4 Kg7 35. Kf2 Kf6 36. Ke3 Rc7 37. Kd3 Rc8 38. Ke3 Ra8 39. Rb7 Ra1 40. Rc7 Re1+ 41. Kf3 Re4 42. Rc8 Ra4 43. Rc7 Ra3 44. Ke3 Rb3 45. Kf2 Rb2+ 46. Kf3 Rc2 47. Ke3 Kg7 48. Rc8 Rc1 49. Ke2 Kf6 50. Rc7 Rh1 51. Kf3 Rd1 52. Ke2 Rc1 53. Kf3 Rc2 54. Ke3 Rh2 55. Kf3 Ra2 56. Ke3 Ra6 57. Kd4 Rb6 58. Kd3 Rb8 59. Kd4 Rg8 0-1

[Event "11th LCC FIDE Open 2019"]
[Site "London"]
[Date "2019.12.05"]
[Round "9.42"]
[White "John, Joshua"]
[Black "Nilssen, Ellen Fredericia"]
[Result "0-1"]
[ECO "D37"]
[WhiteElo "1680"]
[BlackElo "2004"]
[Annotator "NA RC"]
[PlyCount "120"]
[EventDate "2019.11.29"]
[EventType "swiss"]
[EventCountry "ENG"]
[SourceTitle "playchess.com"]
[Source "ChessBase"]
[SourceQuality "1"]
[TimeControl "40/5400+30:1800+30"]

1. d4 e6 2. Nf3 d5 3. c4 Nf6 4. Nc3 a6 5. cxd5 exd5 6. Bg5 Be6 7. e3 Nbd7 8. Be2 Bd6 9. a3 O-O 10. O-O c6 11. b4 Qb8 12. Bxf6 Nxf6 13. Na4 Ne4 14. Rc1 a5 15. Qb3 Bg4 16. Nb6 Bxf3 17. Bxf3 Nd2 18. Qc3 Nxf1 19. Kxf1 axb4 20. axb4 Ra2 21. Nd7 Qa7 22. Nxf8 Qa6+ 23. Kg1 Bxf8 24. Bd1 Qc4 25. Qxc4 dxc4 26. Kf1 b5 27. Rb1 c3 28. Bb3 Rd2 29. Rc1 Bxb4 30. Rc2 Rd1+ 31. Ke2 Ra1 32. Kd3 Ra3 33. Ba2 Be7 34. e4 g6 35. g4 g5 36. e5 Kg7 37. d5 cxd5 38. Bxd5 b4 39. Ra2 b3 40. Bxb3 Rxb3 41. Kc2 Rb2+ 42. Rxb2 cxb2 43. Kxb2 Bc5 44. Kc3 Bxf2 45. Kd3 Kf8 46. Ke4 Ke7 47. Kf5 Be3 48. Ke4 Bc1 49. Kf5 Bd2 50. h3 Bc1 51. Ke4 Ke6 52. Kd4 Bb2+ 53. Ke4 Bxe5 54. Kf3 Kd5 55. Kg2 Ke4 56. h4 h6 57. Kh3 Ba1 58. h5 Kf3 59. Kh2 Kxg4 60. Kh1 Kf3 0-1